 Dungeon Crawl Stone Soup version 0.22.1-2-g9c5b331 (webtiles) character file.

49 Fang the Skirmisher (level 3, -1/24 HPs)
             Began as a Gargoyle Berserker on Dec 4, 2018.
             Was a Believer of Trog.
             Slain by a quokka (4 damage)
             ... on level 2 of the Dungeon.
             The game lasted 00:01:16 (804 turns).

Fang the Skirmisher (Gargoyle Berserker)             Turns: 804, Time: 00:01:17

Health: -1/24      AC:  5    Str: 21    XL:     3   Next: 75%
Magic:  3/3        EV: 12    Int:  7    God:    Trog [**....]
Gold:   46         SH:  0    Dex:  9    Spells: 2/2 levels left

rFire    . . .     SeeInvis .   a - +0 hand axe
rCold    . . .     Gourm    .   (no shield)
rNeg     + . .     Faith    .   b - +0 animal skin
rPois    ∞         Spirit   .   (no helmet)
rElec    +         Reflect  .   (no cloak)
rCorr    .         Harm     .   (no gloves)
MR       .....                  (no boots)
Stlth    +.........             (no amulet)
HPRegen  0.08/turn              (no ring)
MPRegen  0.08/turn              (no ring)

@: flying
A: negative energy resistance 1, electricity resistance, unbreathing,
petrification resistance, rot immunity, AC +3
a: Berserk, Trog's Hand, Renounce Religion


You were on level 2 of the Dungeon.
You worshipped Trog.
Trog was pleased with you.
You were not hungry.

You visited 1 branch of the dungeon, and saw 2 of its levels.

You collected 46 gold pieces.

Inventory:

Hand Weapons
 a - a +0 hand axe (weapon)
Armour
 b - a +0 animal skin (worn)
Scrolls
 e - 2 scrolls of identify {unknown}
 g - a scroll of remove curse {unknown}
 j - 2 scrolls of teleportation {unknown}
 k - a scroll of enchant weapon {unknown}
Potions
 d - a potion of flight
 f - a potion of cancellation {unknown}
 h - a potion of invisibility {unknown}
 i - 4 potions of brilliance {unknown}
Comestibles
 c - 3 rations


   Skills:
 + Level 3.8 Fighting
 + Level 3.4 Axes
 + Level 2.5 Armour
 + Level 1.9 Dodging


You had 2 spell levels left.
You didn't know any spells.
Your spell library was empty.

Dungeon Overview and Level Annotations

Branches:
Dungeon (2/15)

Altars:

Annotations:
D:2 Sigmund


Innate Abilities, Weirdness & Mutations

You are resistant to torment.
Your stone body is resilient. (AC +3)
You are immune to poison.
You resist negative energy. (rN+)
You are resistant to electric shocks. (rElec)
You can survive without breathing.
You are immune to petrification.
You are immune to rotting.


Message History

The quokka barely misses you. Sigmund closely misses you.
Found an orange potion.
Found an escape hatch in the ceiling.
You miss the quokka. You closely miss Sigmund. The quokka bites you.
The quokka bites you but does no damage.
Sigmund says, "Your kind have come here before.
I understand now why.
You Sigmund gestures wildly while chanting.
Sigmund flickers and vanishes!
Deactivating autopickup; reactivate with Ctrl-A.
Something hits you. The quokka barely misses you. Something hits you.
* * * LOW HITPOINT WARNING * * *
You bump into the rock wall.
You feel less confused. The quokka barely misses you.
Unknown command.
It was a potion of flight.
You feel very buoyant.
You fly up into the air.
The quokka closely misses you. Something hits you but does no damage.
The quokka bites you.
You die...

. ..... ...$. ......
..# ...... ..# .#
......##### #.#...+ .
.......@..###.##..#..
##
!.......r.+.#.##..#.#
#.
......{.†.#.#.##..#.#
#.
.......##)#.#.....#.#
#. .......
#.#.#.###...# #.
..#.... #.#'#<......#
#. # #....
#......##...# #.
#.... #......+....#
#. #<...
#......###..###.


You could see a quokka.

Vanquished Creatures
  2 adders (D:2)
  2 oozes (D:1)
  A dart slug (D:1)
  5 bats (D:1)
  A giant cockroach (D:1)
  3 goblins
  2 hobgoblins (D:1)
  5 frilled lizards (D:1)
  A kobold (D:1)
22 creatures vanquished.

Notes
Turn   | Place    | Note
-------+----------+-------------------------------------------
     0 | D:1      | Fang the Gargoyle Berserker began the quest for the Orb.
     0 | D:1      | Reached XP level 1. HP: 14/14 MP: 1/1
    97 | D:1      | Reached XP level 2. HP: 19/19 MP: 2/2
   369 | D:1      | Reached XP level 3. HP: 21/24 MP: 3/3
   793 | D:2      | Noticed Sigmund
   796 | D:2      | Reached ** piety under Trog
   804 | D:2      | Slain by a quokka

Skill      XL: |  1  2 |
---------------+-------+-----
Axes           | 3 |  3.4
Fighting       | |  3.8
Armour         | |  2.5
Dodging        | |  1.9

Action                   || total
-------------------------++-------
Melee: Hand axe          ||    62
  Use: Potion            ||     1
Armor: Animal skin       ||    31
Dodge: Dodged            ||    49
